 Dungeon Crawl Stone Soup version 0.17-a0-1399-gd5b76e1 (webtiles) character file.

5740 nono the Fighter (level 10, -13/64 HPs)
             Began as a Gargoyle Fighter on June 19, 2015.
             Was a Believer of Ashenzari.
             Mangled by Sonja
             ... wielding a +0 dagger of distortion
              (19 damage)
             ... on level 10 of the Dungeon.
             The game lasted 00:27:05 (8406 turns).

nono the Fighter (Gargoyle Fighter)                 Turns: 8406, Time: 00:27:06

Health: -13/64     AC: 34    Str: 27    XL:     10   Next: 77%
Magic:  10/10      EV:  5    Int:  9    God:    Ashenzari [**....]
Gold:   515        SH: 10    Dex: 12    Spells: 0 memorised, 9 levels left

rFire  + . .     SeeInvis .     G - +1 flail (protect) (curse)
rCold  . . .     Clarity  .     P - +0 plate armour (curse)
rNeg   + . .     SustAt   .     c - +0 shield (curse)
rPois  ∞         Gourm    .     U - +0 helmet
rElec  +         Spirit   .     D - +1 cloak
rCorr  .         Warding  .     n - +0 pair of gloves
rMut   .         Stasis   +     s - +0 pair of boots
MR     +....                    w - amulet of stasis
Stlth  ..........               Q - ring of protection from magic
                                q - ring of protection from fire

@: mighty, somewhat resistant to hostile enchantments, extremely unstealthy
A: frail 1, negative energy resistance 1, electricity resistance, spit poison 1,
strong 1, unbreathing, evolution 1, petrification resistance, rot immunity, AC
+7
a: Spit Poison, Scrying, Renounce Religion


You were on level 10 of the Dungeon.
You worshipped Ashenzari.
Ashenzari was pleased with you.
You were not hungry.

You visited 2 branches of the dungeon, and saw 11 of its levels.

You collected 541 gold pieces.
You spent 26 gold pieces at shops.

Inventory:

Hand weapons
 a - a +0 flail
 B - a +0 mace
 F - a +0 dagger of flaming
 G - a cursed +1 flail of protection (weapon)
Armour
 c - a cursed +0 shield (worn)
 n - a +0 pair of gloves (worn)
 s - a +0 pair of boots (worn)
 D - a +1 cloak (worn)
 P - a cursed +0 plate armour (worn)
 U - a +0 helmet (worn)
Jewellery
 q - a ring of protection from fire (left hand)
 w - an amulet of stasis (around neck)
 x - an uncursed ring of poison resistance
 H - an uncursed ring of ice
 L - an uncursed ring of stealth
 Q - a ring of protection from magic (right hand)
Magical devices
 j - a wand of enslavement (11)
 N - a wand of flame (33)
 S - a wand of disintegration (9)
 W - a wand of magic darts (27)
Scrolls
 f - 4 scrolls of enchant armour {unknown}
 g - 2 scrolls of remove curse
 h - 2 scrolls of blinking {unknown}
 m - 3 scrolls of identify
 o - 2 scrolls of amnesia {unknown}
 p - 2 scrolls of immolation {unknown}
 y - a scroll of fear {unknown}
 z - a scroll of recharging {unknown}
 I - a scroll of enchant weapon {unknown}
 K - a scroll of curse jewellery
 M - 2 scrolls of teleportation {unknown}
 O - a scroll of brand weapon {unknown}
 V - a scroll of random uselessness {unknown}
Potions
 i - 2 potions of ambrosia
 l - 2 potions of lignification
 r - 2 potions of resistance
 t - a potion of degeneration
 u - a potion of berserk rage {unknown}
 v - 4 potions of magic
 A - a potion of heal wounds
 C - 2 potions of cancellation {unknown}
 E - 2 potions of curing
Comestibles
 b - a slice of pizza
 e - 4 bread rations
 k - 5 meat rations
 J - 3 beef jerkies
 R - 11 royal jellies
 T - 3 chunks of flesh


   Skills:
 + Level 12.3 Fighting
 - Level 2.0 Maces & Flails
 + Level 12.3 Armour
 - Level 3.2 Shields


You had 9 spell levels left.
You didn't know any spells.

Dungeon Overview and Level Annotations

Branches:
Dungeon (10/15)            Temple (1/1) D:7
   Lair: D:8-11         Orc: D:9-12

Altars:
Ashenzari
Cheibriados
Dithmenos
Elyvilon
Fedhas
Gozag
Kikubaaqudgha
Makhleb
Nemelex Xobeh
Okawaru
Qazlal
Ru
Sif Muna
Vehumet
Xom
Yredelemnul
Zin
The Shining One

Shops:
D:4 (   D:6 *   D:10 ?

Annotations:
D:10 Sonja


Innate Abilities, Weirdness & Mutations

You are resistant to torment.
Your stone body is resilient (AC +7).
You are immune to poison.
You resist negative energy.
You are resistant to electric shocks.
You can survive without breathing.
You are immune to petrification.
You are immune to rotting.
You are frail (-10% HP).
You can spit weak poison.
Your muscles are strong. (Str +2)
You evolve.


Message History

Sonja hits you but does no damage. Space warps horribly around you!
* * * LOW HITPOINT WARNING * * *
Sonja mumbles some strange words.
Sonja blinks!
Drink which item? (? for menu, Esc to quit)
You feel much better.
Sonja casts a spell.
Sonja blinks!
Drink which item? (? for menu, Esc to quit)
You feel very mighty all of a sudden. Sonja hits you but does no damage.
Space warps horribly around you!
* * * LOW HITPOINT WARNING * * *
Sonja hits you but does no damage. You block Sonja's attack.
You miss Sonja.
Sonja is lightly wounded.
You block Sonja's attack. Sonja hits you but does no damage.
Space warps horribly around you!
* * * LOW HITPOINT WARNING * * *
Sonja hits you but does no damage. Space warps horribly around you!
You die...

****
#..........#
#..........#
#..(.......#
#..).(.(...#
########(.##
######.##
#....(..#
#.......# ,
#..@....# ,
#.(K....# , ,
####.......#
,
............#
.####.......#
** #......§#
#####.###
##...#
##..###


You could see Sonja.

Vanquished Creatures
  A hill giant (D:10)
  The ghost of bal the Covert, an experienced VSMo of Nemelex Xobeh (D:8)
  An ugly thing (D:10)
  A troll (D:8)
  Sigmund (D:5)
  2 black bears
  3 orc warriors
  3 phantoms
  2 sky beasts
  A necrophage (D:6)
  5 ogres
  3 ice beasts
  3 centaurs
  A crocodile (D:9)
  A gnoll sergeant (D:5)
  5 giant frogs
  A big kobold (D:9)
  A wyvern zombie (D:8)
  2 scorpions
  4 hounds
  A giant frog zombie (D:7)
  3 giant frog skeletons (D:7)
  An iguana (D:7)
  4 orc priests
  6 jellies
  A centaur skeleton (D:6)
  10 orc wizards
  8 worker ants
  2 hound zombies
  A hound skeleton (D:5)
  11 gnolls
  10 adders
  4 shadow imps
  5 oozes (D:9)
  An adder skeleton (D:6)
  2 worms
  3 giant geckos
  22 orcs
  2 ball pythons
  A giant cockroach (D:2)
  10 goblins
  10 hobgoblins
  9 jackals
  2 quokkas
  14 bats
  2 giant newts
  16 kobolds
  22 rats
225 creatures vanquished.

Notes
Turn   | Place    | Note
--------------------------------------------------------------
     0 | D:1      | nono the Gargoyle Fighter began the quest for the Orb.
     0 | D:1      | Reached XP level 1. HP: 14/14 MP: 1/1
   186 | D:1      | Reached XP level 2. HP: 19/19 MP: 2/2
   775 | D:2      | Reached skill level 4 in Fighting
   775 | D:2      | Reached XP level 3. HP: 24/24 MP: 3/3
  1124 | D:2      | Reached XP level 4. HP: 25/30 MP: 4/4
  1354 | D:3      | Found a deep blue altar of Sif Muna.
  1487 | D:3      | Found a glowing silver altar of Zin.
  1506 | D:3      | Found a faded altar to an unknown god.
  1741 | D:3      | Found a burning altar of Makhleb.
  1986 | D:4      | Noticed a phantom
  2033 | D:3      | Killed a phantom
  2033 | D:3      | Reached skill level 5 in Fighting
  2033 | D:3      | Reached skill level 5 in Armour
  2033 | D:3      | Reached XP level 5. HP: 32/35 MP: 5/5
  2327 | D:4      | Reached XP level 6. HP: 16/40 MP: 6/6
  2522 | D:4      | Reached skill level 6 in Fighting
  2755 | D:4      | Found Awigrusm's Weapon Emporium.
  2792 | D:4      | Noticed a phantom
  2811 | D:4      | Killed a phantom
  2811 | D:4      | Reached XP level 7. HP: 40/47 MP: 7/7
  2836 | D:4      | Found a glowing golden altar of the Shining One.
  2889 | D:4      | Found a white marble altar of Elyvilon.
  3287 | D:5      | Entered Level 5 of the Dungeon
  3352 | D:5      | Reached skill level 7 in Fighting
  3482 | D:5      | Noticed Sigmund
  3497 | D:5      | Killed Sigmund
  3497 | D:5      | Reached XP level 8. HP: 51/54 MP: 8/8
  3655 | D:5      | Reached skill level 8 in Fighting
  4326 | D:6      | Gained mutation: Your muscles are strong. (Str +2) [mutagenic meat]
  4327 | D:6      | Gained mutation: You can spit weak poison. [mutagenic meat]
  4328 | D:6      | Gained mutation: You evolve. [mutagenic meat]
  4330 | D:6      | Gained mutation: Your magical capacity is low (-10% MP). [mutagenic meat]
  4331 | D:6      | Gained mutation: You are frail (-10% HP). [mutagenic meat]
  4558 | D:6      | Reached skill level 9 in Fighting
  4609 | D:6      | Reached XP level 9. HP: 46/54 MP: 8/8
  4752 | D:6      | Found a stormy altar of Qazlal.
  4776 | D:6      | Found Urph's Assorted Antiques.
  4785 | D:6      | Bought a scroll labeled OZOMAJ WODEET for 26 gold pieces
  5105 | D:7      | Found a staircase to the Ecumenical Temple.
  5115 | Temple   | Entered the Ecumenical Temple
  5425 | D:7      | Reached skill level 10 in Fighting
  5496 | D:7      | Reached skill level 10 in Armour
  5675 | D:7      | Found a shattered altar of Ashenzari.
  5735 | D:7      | Became a worshipper of Ashenzari the Shackled
  5905 | D:7      | Lost mutation: Your magical capacity is low (-10% MP). [evolution]
  6410 | D:8      | Noticed bal's ghost (experienced VSMo)
  6472 | D:8      | Killed bal's ghost
  6472 | D:8      | Reached skill level 11 in Fighting
  6472 | D:8      | Reached XP level 10. HP: 56/62 MP: 10/10
  6777 | D:8      | Found a shimmering altar of Xom.
  7581 | D:9      | Found a sacrificial altar of Ru.
  8035 | D:9      | Found a radiant altar of Vehumet.
  8036 | D:9      | Found an ancient bone altar of Kikubaaqudgha.
  8073 | D:10     | Entered Level 10 of the Dungeon
  8080 | D:10     | Noticed a hill giant
  8100 | D:10     | Killed a hill giant
  8100 | D:10     | Reached skill level 12 in Fighting
  8104 | D:10     | Acquired Ashenzari's first power
  8367 | D:10     | Found Xodoh's Magic Scroll Shop.
  8368 | D:10     | Noticed Sonja
  8368 | D:10     | Noticed a green ugly thing
  8400 | D:10     | Killed a green ugly thing
  8406 | D:10     | Mangled by Sonja

Vault maps used:
D:1:      dpeg_arrival_oval, grunt_decor_mini_mirrors
D:3:      old_standard_altar, lemuel_coloured_pillars_altar, first_bread,
          ecumenical_altar_1, tgw_sif
D:4:      kennysheep_little_box, kennysheep_mini, serial_shops, shop,
          minmay_misc_feat_ornament
D:5:      wad_crossroads, uniq_sigmund
D:6:      grunt_qazlal_clouds, serial_shops, nicolae_shop_overgrown_old_shop,
          roderic_cross_of_infinity, minmay_misc_feat_nine_boxes
D:7:      nicolae_ashenzari_panopticon, nicolae_overflow_hidden_temple,
          minmay_temple_entry_statues_pillars
D:8:      old_standard_altar
D:9:      nicolae_ru_awakened_eye, gammafunk_temple_overflow_statue,
          hangedman_little_slice_of_home, minmay_stone_trees_small
D:10:     serial_shops, nicolae_shop_crystal, uniq_erica, uniq_sonja
Temple:   minmay_temple_curvy_8

Action                   |  1- 3 |  4- 6 |  7- 9 | 10-12 || total
-------------------------+-------+-------+-------+-------++-------
Melee: Flail             |   176 |    34 |   572 |   249 ||  1031
       Mace              |       |   147 |    34 |       ||   181
  Use: Scroll            |       |       |    10 |       ||    10
       Potion            |       |       |     2 |     4 ||     6
 Stab: Distracted        |       |       |       |     1 ||     1
  Eat: Chunk             |     1 |     6 |    19 |     7 ||    33
